 Dungeon Crawl Stone Soup version 0.21-a0-264-g3e31e41 (console) character file.

70234 Mandevil the Spear-Bearer (level 15, 0/138 HPs)
             Began as a Naga Monk on Sept 8, 2017.
             Was the Champion of Cheibriados.
             Splashed by an acid dragon's acid (16 damage)
             ... on level 12 of the Dungeon.
             The game lasted 01:47:37 (26741 turns).

Mandevil the Spear-Bearer (Naga Monk)              Turns: 26741, Time: 01:47:39

Health: 0/138      AC: 21    Str: 37    XL:     15   Next: 32%
Magic:  34/34      EV:  7    Int: 24    God:    Cheibriados [******]
Gold:   948        SH:  0    Dex: 35    Spells: 8/14 levels left

rFire    + . .     SeeInvis +   b - +7 longbow "Piercer" {penet, EV-2}
rCold    + . .     Gourm    .   (shield currently unavailable)
rNeg     + . .     Faith    .   W - +8 chain mail of Finnos {rN+ Stlth+}
rPois    +         Spirit   .   B - +0 helmet
rElec    +         Reflect  .   g - +1 cloak
rCorr    .         Harm     .   L - +2 pair of gloves
MR       +....                  (no barding)
Stlth    +++.......             (no amulet)
HPRegen  0.33/turn              i - ring "Unif" {rElec rPois rF+ MP+9 Dex+2}
MPRegen  0.24/turn              R - ring of Dim Light {+Blink Str+3 Dex+4 Slay+3}

@: about to teleport, corroded, very slow
A: see invisible, cold resistance 1, deformed body, dopey 1, high mp 1, poison
resistance, electricity resistance, slowness 2, slow metabolism 1, spit poison
1, constrict 1, AC +5
a: Spit Poison, Bend Time, Temporal Distortion, Slouch, Step From Time, Renounce
Religion, Evoke Blink


You were on level 12 of the Dungeon.
You worshipped Cheibriados.
Cheibriados was exalted by your worship.
You were not hungry.

You visited 4 branches of the dungeon, and saw 21 of its levels.

You collected 2071 gold pieces.
You spent 1123 gold pieces at shops.

Inventory:

Hand Weapons
 a - a +1 demon trident of electrocution
 b - the +7 longbow "Piercer" (weapon) {penet, EV-2}
   (You found it on level 3 of the Lair of Beasts)

   Ammo fired by it will pass through the targets it hits, potentially hitting
   all targets in its path until it reaches maximum range.
   It affects your evasion (-2).
 e - the +10 great sword of Honour {slice, MR++}
   (You found it on level 4 of the Lair of Beasts)

   It inflicts extra damage upon your enemies.
   It affects your resistance to hostile enchantments.
 h - a +0 demon trident
 D - a +6 trident of protection
 J - the +7 rapier "Jumen" {pierce, rC+ Str+3 Dex+3}
   (You took it off an orc warrior on level 8 of the Dungeon)

   It inflicts extra damage upon your enemies.
   It affects your strength (+3).
   It affects your dexterity (+3).
   It protects you from cold.
 K - a +0 demon trident
Missiles
 s - 370 stones
 w - 308 arrows (quivered)
Armour
 g - a +1 cloak (worn)
 k - a +1 plate armour of fire resistance
 B - a +0 helmet (worn)
 G - the +1 robe of Knowledge {rPois rN+ Int-5 Stlth+}
   (You took it off an orc wizard on level 9 of the Dungeon)

   It affects your intelligence (-5).
   It protects you from poison.
   It protects you from negative energy.
   It makes you more stealthy.
 L - a +2 pair of gloves (worn)
 U - a +2 plate armour of poison resistance
 W - the +8 chain mail of Finnos (worn) {rN+ Stlth+}
   (You bought it in a shop on level 1 of the Orcish Mines)

   It protects you from negative energy.
   It makes you more stealthy.
Jewellery
 i - the ring "Unif" (left hand) {rElec rPois rF+ MP+9 Dex+2}
   (You found it on level 1 of the Lair of Beasts)

   [ring of protection from fire]

   It affects your dexterity (+2).
   It protects you from fire.
   It insulates you from electricity.
   It protects you from poison.
   It affects your magic capacity (+9).
 n - an uncursed ring of positive energy
 y - an uncursed ring of protection from fire
 A - an uncursed ring of magical power
 C - an uncursed ring of flight
 E - an uncursed ring of ice
 R - the ring of Dim Light (right hand) {+Blink Str+3 Dex+4 Slay+3}
   (You found it on level 9 of the Dungeon)

   [ring of strength]

   It affects your strength (+3).
   It affects your dexterity (+4).
   It affects your accuracy and damage with ranged weapons and melee attacks
   (+3).
   It lets you blink.
 T - an uncursed ring of resist corrosion
Wands
 q - a wand of lightning (3/15)
 x - a wand of confusion (21/48)
 z - a wand of flame (0/48)
 F - a wand of confusion (23/48)
 M - a wand of iceblast (10/15)
 P - a wand of acid (0/15)
 Q - a wand of enslavement (16/24)
 V - a wand of acid (6/15)
Scrolls
 d - 6 scrolls of teleportation
 f - 13 scrolls of remove curse
 j - 2 scrolls of immolation
 p - 4 scrolls of fear
 v - 2 scrolls of fog
 I - 3 scrolls of identify
 N - 2 scrolls of magic mapping
 S - a scroll of recharging
 Y - 3 scrolls of blinking
Potions
 o - a potion of might
 t - 2 potions of heal wounds
 u - 8 potions of curing
 Z - a potion of mutation
Books
 X - a book of Enchantments

   Spells                             Type                      Level
   a - Cause Fear                     Hexes                        4
   b - Yara's Violent Unravelling     Hexes/Transmutation          5
   c - Silence                        Hexes/Air                    5
   d - Deflect Missiles               Charms/Air                   6
   e - Discord                        Hexes                        8
Miscellaneous
 m - a lamp of fire
Comestibles
 c - 9 bread rations
 l - 7 fruits
 r - 11 royal jellies
 H - 6 meat rations
 O - 3 chunks of flesh


   Skills:
 - Level 10.2 Fighting
 - Level 14.0 Polearms
 * Level 11.7 Bows
 + Level 5.2 Armour
 - Level 2.4 Dodging
 - Level 6.4 Stealth
 - Level 10.9 Invocations
 - Level 11.0 Evocations


You had 8 spell levels left.
You knew the following spells:

 Your Spells              Type           Power        Failure   Level  Hunger
a - Lesser Beckoning      Tloc           #.........   83%         3    ####...
b - Portal Projectile     Hex/Tloc       #.....       83%         3    ####...


Dungeon Overview and Level Annotations

Branches:
Dungeon (12/15)            Temple (1/1) D:5            Lair (6/6) D:8
  Swamp (0/4) Lair:3        Snake (0/4) Lair:4        Slime (0/5) Lair:6
    Orc (2/2) D:10            Elf (0/3) Orc:2

Altars:
Ashenzari
Cheibriados
Dithmenos
Elyvilon
Fedhas
Gozag
Hepliaklqana
Kikubaaqudgha
Makhleb
Nemelex Xobeh
Okawaru
Qazlal
Ru
Sif Muna
Trog
Uskayaw
Vehumet
Wu Jian
Xom
Yredelemnul
Zin
The Shining One

Shops:
D:6 }   Orc:1 [   Orc:2 ?:(%*}!(*

Portals:
Pandemonium: Orc:2
Trove: D:10 (give +6 demon blade)

Annotations:
Lair:5 exclusion: hydra


Innate Abilities, Weirdness & Mutations

You cannot wear boots.
Your serpentine skin is tough. (AC +5)
You have supernaturally acute eyesight. (SInv)
Armour fits poorly on your strangely shaped body.
Your system is resistant to poisons. (rPois)
You cover ground very slowly.
You have a slow metabolism.
You can spit poison.
You can use your snake-like lower body to constrict enemies.
Your flesh is cold resistant. (rC+)
You are dopey. (Int -2)
You have an increased reservoir of magic. (+10% MP)
You are resistant to electric shocks. (rElec)


Message History

Aim: an acid dragon (catching its breath)
You shoot an arrow.
The arrow pierces through the acid dragon!
The acid dragon is heavily wounded.
You hear a roar!
Firing (i - inventory. (,) - cycle):
w - 309 arrows (quivered)
Press: ? - help, Shift-Dir - straight line, f/p - acid dragon
Aim: an acid dragon (heavily wounded, catching its breath)
You shoot an arrow.
The arrow pierces through the acid dragon.
The acid dragon is severely wounded.
You hear a roar!
A six-headed hydra comes into view.
As you read the scroll of teleportation, it crumbles to dust.
You feel strangely unstable. The acid dragon spits acid at you.
The splash of acid hits you!
* * * LOW HITPOINT WARNING * * *
You are splashed with acid!
The acid burns!
You die...

~~##~.....).)).#.........#.......
~~~~~.....###.##..###############
..........# #..#..# #....
..##......# ##.#..# #.###
..##......# ##....# . #.#..
..........# #.....# .. #.#.#
...(..(...# #.....# ... #.#<#
..........###.....# .... #.###
...))..((.......N.###..... #. #
....................D..... #. #
........(........>........ #
........(.().(.....D(..... #
............)###.####(....
.............# #.# ....
.######........... ...
.......(..... .. ..l...........#
.


You could see a six-headed hydra and an acid dragon.

Vanquished Creatures
  Frances (D:12)
  An orc warlord (Orc:2)
  Snorg (D:12)
  Fannar (Lair:3)
  Harold (D:10)
  8 hydras
  3 catoblepae (Lair:6)
  2 two-headed ogres
  8 death yaks
  3 orc high priests (Orc:2)
  3 sun demons (Orc:2)
  Nergalle (Orc:1)
  The ghost of p0werm0de the Gouger, a novice FeCK of Xom (Orc:2)
  2 gelid demonspawn (Orc:2)
  An infernal demonspawn (Orc:2)
  Pikel (D:8)
  4 black mambas
  9 orc sorcerers (Orc:2)
  7 orc knights
  An ugly thing (D:11)
  2 manticores (Lair:6)
  A centaur zombie (D:11)
  A torpor snail (Lair:5)
  A smoke demon (Orc:2)
  12 spiny frogs
  5 komodo dragons
  A rime drake (Lair:3)
  A red devil (Orc:2)
  4 trolls
  A polar bear (Lair:3)
  A hornet (D:9)
  16 blink frogs
  Sigmund (D:2)
  3 hippogriffs
  A ynoxinul (Orc:2)
  2 wyverns
  2 wraiths
  3 basilisks
  45 yaks
  Grum (Lair:1)
  3 hogs (D:9)
  A human (D:9)
  A hungry ghost (D:9)
  20 wargs
  3 nagas (Lair:4)
  3 vampire mosquitoes (Lair:3)
  Menkaure (D:5)
  9 water moccasins
  4 porcupines
  A soldier ant (D:6)
  35 orc warriors
  The ghost of Mandevil the Sneak, an amateur NaMo (D:4)
  2 necrophages
  An eye of draining (D:11)
  An ice beast (D:10)
  2 slaves (D:8)
  2 phantoms
  7 ogres
  2 black bears
  11 wolves
  6 centaurs
  Blork the orc (D:6)
  A big kobold (D:10)
  12 crocodiles
  14 bullfrogs
  A wyvern zombie (D:9)
  5 scorpions
  A water moccasin skeleton (D:7)
  18 killer bees
  A howler monkey (D:6)
  4 crimson imps
  A quasit (D:8)
  3 bullfrog zombies
  4 jellies
  3 bullfrog skeletons
  26 orc priests
  A hound (D:8)
  19 orc wizards
  Crazy Yiuf (D:3)
  2 iguanas
  Natasha (thrice) (D:2 D:1)
  2 hell rats (Lair:3)
  15 worker ants
  A hound skeleton (D:4)
  Robin (D:4)
  2 gnolls (D:5)
  A howler monkey skeleton (D:10)
  9 river rats (Lair:3)
  8 adders
  A shadow imp (D:8)
  3 oozes
  4 worms
  4 dart slugs
  5 leopard geckos
  100 orcs
  7 giant cockroaches
  20 goblins
  11 hobgoblins
  17 jackals
  6 quokkas
  A ball python (D:2)
  9 bats
  5 frilled lizards
  A jackal skeleton (D:4)
  12 kobolds
  10 rats
  A plant (Lair:6)
656 creatures vanquished.

Vanquished Creatures (collateral kills)
  A komodo dragon (Lair:1)
1 creature vanquished.

Vanquished Creatures (others)
  A black mamba (Lair:6)
  A rime drake (Lair:6)
  2 slaves (D:8)
  An orc (D:8)
  6 fungi
  14 plants
25 creatures vanquished.

Grand Total: 682 creatures vanquished

Notes
Turn   | Place    | Note
-------+----------+-------------------------------------------
     0 | D:1      | Mandevil the Naga Monk began the quest for the Orb.
     0 | D:1      | Reached XP level 1. HP: 21/21 MP: 1/1
   187 | D:1      | Reached XP level 2. HP: 15/28 MP: 2/2
   708 | D:1      | Reached XP level 3. HP: 34/34 MP: 3/3
  1102 | D:2      | Noticed Natasha
  1478 | D:1      | Reached XP level 4. HP: 39/44 MP: 4/4
  1601 | D:2      | Killed Natasha
  1601 | D:2      | Reached skill level 5 in Stealth
  1616 | D:2      | Noticed Natasha
  1737 | D:1      | Killed Natasha
  1737 | D:1      | Reached XP level 5. HP: 20/50 MP: 5/5
  1781 | D:1      | Noticed Natasha
  1836 | D:1      | Killed Natasha
  2176 | D:2      | Reached skill level 4 in Polearms
  2473 | D:2      | Noticed Sigmund
  2506 | D:2      | Killed Sigmund
  2506 | D:2      | Reached XP level 6. HP: 49/60 MP: 6/6
  2719 | D:3      | Reached skill level 5 in Fighting
  3124 | D:3      | Found a runed door.
  3129 | D:3      | Noticed Crazy Yiuf
  3133 | D:3      | Killed Crazy Yiuf
  3721 | D:4      | Noticed a hippogriff
  3730 | D:4      | Killed a hippogriff
  3730 | D:4      | Reached skill level 5 in Polearms
  3730 | D:4      | Reached XP level 7. HP: 68/68 MP: 7/7
  3817 | D:4      | Gained mutation: You are dopey. (Int -2) [potion of mutation]
  3817 | D:4      | Gained mutation: You are resistant to electric shocks. (rElec) [potion of mutation]
  3817 | D:4      | Gained mutation: Your flesh is cold resistant. (rC+) [potion of mutation]
  3817 | D:4      | Gained mutation: You have an increased reservoir of magic. (+10% MP) [potion of mutation]
  3821 | D:4      | Noticed Mandevil's ghost (amateur NaMo)
  3840 | D:5      | Entered Level 5 of the Dungeon
  4065 | D:5      | Found an opulent altar of Gozag.
  4068 | D:5      | Found a shadowy altar of Dithmenos.
  4071 | D:5      | Found a radiant altar of Vehumet.
  4102 | D:5      | Found an ornate altar of the Wu Jian Council.
  4124 | D:5      | Noticed Menkaure
  4133 | D:5      | Killed Menkaure
  4133 | D:5      | Reached skill level 6 in Polearms
  4154 | D:5      | Reached XP level 8. HP: 33/78 MP: 8/8
  4256 | D:5      | Found an iron altar of Okawaru.
  4676 | D:5      | Found a staircase to the Ecumenical Temple.
  4682 | Temple   | Entered the Ecumenical Temple
  5119 | D:4      | Killed Mandevil's ghost
  5119 | D:4      | Reached skill level 7 in Polearms
  5237 | D:4      | Noticed Robin
  5246 | D:4      | Killed Robin
  5347 | D:4      | Found a bloodstained altar of Trog.
  5439 | D:4      | You fall through a shaft for 2 floors!
  5439 | D:6      | Found a hazy altar of Hepliaklqana.
  5447 | D:6      | Found Noiciopp's Gadget Shop.
  5450 | D:6      | Noticed a dagger
  5493 | D:6      | Noticed a hand axe
  5508 | D:6      | Found a snail-covered altar of Cheibriados.
  5510 | D:6      | Became a worshipper of Cheibriados the Contemplative
  5510 | D:6      | Reached * piety under Cheibriados
  5510 | D:6      | Reached ** piety under Cheibriados
  5523 | D:6      | Found a hide-covered altar of Uskayaw.
  5538 | D:6      | Reached skill level 1 in Invocations
  5649 | D:6      | Found a runed door.
  5692 | D:6      | Found a runed door.
  6004 | D:6      | Reached XP level 9. HP: 85/87 MP: 11/11
  6033 | D:6      | Reached skill level 1 in Evocations
  6243 | D:6      | Noticed Blork the orc
  6281 | D:6      | Reached skill level 8 in Polearms
  6339 | D:6      | Killed Blork the orc
  6540 | D:6      | Reached *** piety under Cheibriados
  6963 | D:7      | Found an ancient bone altar of Kikubaaqudgha.
  8438 | D:8      | Found a staircase to the Lair.
  8619 | D:8      | Reached skill level 5 in Invocations
  8693 | D:8      | Noticed Pikel
  8712 | D:8      | Killed Pikel
  8712 | D:8      | Reached skill level 9 in Polearms
  8712 | D:8      | Reached XP level 10. HP: 86/96 MP: 15/15
  8833 | D:8      | Found a bloodstained altar of Trog.
  8848 | D:8      | Reached skill level 5 in Evocations
  8876 | D:8      | Reached **** piety under Cheibriados
  9362 | D:8      | Noticed an orc knight
  9386 | D:8      | Killed an orc knight
  9407 | D:8      | Got a pitted rapier {pierce}
  9514 | D:8      | Identified the +7 rapier "Jumen" {pierce, rC+ Str+3 Dex+3} (You took it off an orc warrior on level 8 of the Dungeon)
  9752 | D:8      | Reached skill level 10 in Polearms
 10209 | D:8      | Reached ***** piety under Cheibriados
 10324 | D:8      | Noticed an orc knight
 10338 | D:8      | Killed an orc knight
 10377 | D:8      | Reached XP level 11. HP: 84/102 MP: 18/18
 11451 | D:9      | Got an ichor-stained robe
 11462 | D:9      | Identified the +1 robe of Knowledge {rPois rN+ Int-5 Stlth+} (You took it off an orc wizard on level 9 of the Dungeon)
 11643 | D:9      | Got a warped amber ring
 11644 | D:9      | Identified the ring of Dim Light {+Blink Str+3 Dex+4 Slay+3} (You found it on level 9 of the Dungeon)
 11828 | D:9      | Identified the Handbook of Orientation
 11934 | Lair:1   | Entered Level 1 of the Lair of Beasts
 11955 | Lair:1   | Killed a black mamba
 11955 | Lair:1   | Reached skill level 11 in Polearms
 12205 | Lair:1   | Noticed Grum
 12251 | Lair:1   | Killed Grum
 12651 | Lair:1   | Got a glittering bone ring
 12653 | Lair:1   | Identified the ring "Unif" {rElec rPois rF+ MP+9 Dex+2} (You found it on level 1 of the Lair of Beasts)
 12918 | Lair:2   | Reached ****** piety under Cheibriados
 12928 | Lair:2   | Found a dark tunnel.
 13211 | Lair:1   | Reached skill level 10 in Invocations
 13211 | Lair:1   | Reached XP level 12. HP: 44/110 MP: 21/21
 13778 | Lair:2   | Found a radiant altar of Vehumet.
 14241 | Lair:2   | You fall through a shaft!
 14481 | Lair:2   | Noticed a six-headed hydra
 14504 | Lair:2   | Reached skill level 12 in Polearms
 14516 | Lair:2   | Killed a six-headed hydra
 14840 | Lair:3   | Noticed Fannar
 14859 | Lair:3   | Killed Fannar
 14859 | Lair:3   | Reached skill level 10 in Evocations
 14955 | Lair:3   | Found the +7 longbow "Piercer" {penet, EV-2}
 15211 | Lair:3   | Found a staircase to the Swamp.
 15244 | Lair:3   | Reached skill level 1 in Bows
 15749 | Lair:4   | Noticed a four-headed hydra
 15759 | Lair:4   | Found a staircase to the Snake Pit.
 15785 | Lair:4   | Killed a four-headed hydra
 16177 | Lair:4   | Got an ichor-stained great sword
 16178 | Lair:4   | Identified the +10 great sword of Honour {slice, MR++} (You found it on level 4 of the Lair of Beasts)
 16706 | Lair:4   | Noticed a seven-headed hydra
 16713 | Lair:4   | Killed a seven-headed hydra
 16806 | Lair:4   | Gained mutation: You can use your snake-like lower body to constrict enemies. [Naga growth]
 16806 | Lair:4   | Reached XP level 13. HP: 101/117 MP: 23/23
 17716 | Lair:5   | Reached skill level 13 in Polearms
 18406 | Lair:6   | Entered Level 6 of the Lair of Beasts
 18455 | Lair:6   | Learned a level 3 spell: Lesser Beckoning
 18459 | Lair:6   | Learned a level 3 spell: Portal Projectile
 18525 | Lair:6   | Reached skill level 5 in Bows
 19346 | Lair:6   | Found a staircase to the Slime Pits.
 20371 | Lair:6   | Reached skill level 14 in Polearms
 20371 | Lair:6   | Reached XP level 14. HP: 112/130 MP: 24/24
 21077 | Lair:6   | Reached skill level 10 in Fighting
 21587 | Lair:6   | Identified the Grimoire of the Flamy Birds
 21885 | D:10     | Entered Level 10 of the Dungeon
 22243 | D:10     | Noticed Harold
 22259 | D:10     | Killed Harold
 22259 | D:10     | Reached skill level 1 in Armour
 22659 | D:10     | Found a staircase to the Orcish Mines.
 22792 | D:10     | Found a portal to a secret trove of treasure.
 22918 | Orc:1    | Entered Level 1 of the Orcish Mines
 22969 | Orc:1    | Found Doobaqi's Armour Boutique.
 22980 | Orc:1    | Bought the +8 chain mail of Finnos {rN+ Stlth+} for 819 gold pieces
 23182 | Orc:1    | Found an iron altar of Okawaru.
 23337 | Orc:2    | Entered Level 2 of the Orcish Mines
 23337 | Orc:2    | Noticed an orc warlord
 23422 | Orc:2    | Noticed p0werm0de's ghost (novice FeCK)
 23444 | Orc:2    | Killed an orc warlord
 23457 | Orc:2    | Killed p0werm0de's ghost
 23609 | Orc:2    | Found a staircase to the Elven Halls.
 23660 | Orc:2    | Found Misyucso's Food Shoppe.
 23680 | Orc:1    | Noticed Nergalle
 23696 | Orc:1    | Killed Nergalle
 23920 | Orc:2    | Found Qakaess's Book Boutique.
 24039 | Orc:2    | Found Bomeg's Distillery.
 24103 | Orc:2    | Found Ceodoq's General Store.
 24192 | Orc:2    | Reached skill level 10 in Bows
 24554 | Orc:2    | Paralysed by an orc sorcerer for 3 turns
 24970 | Orc:2    | Paralysed by an orc sorcerer for 2 turns
 24976 | Orc:2    | Reached XP level 15. HP: 138/138 MP: 25/25
 25175 | Orc:2    | Found Caoqoleu's Antique Weapon Shop.
 25175 | Orc:2    | Found Kentor's Gadget Boutique.
 25175 | Orc:2    | Found a one-way gate leading to the halls of Pandemonium.
 25274 | Orc:2    | Found Sirousk's Antique Weapon Emporium.
 25277 | Orc:2    | Found Iggonaenn's Magic Scroll Boutique.
 25290 | Orc:2    | Bought a scroll of enchant weapon for 112 gold pieces
 25527 | Orc:2    | Found Qulovouw's Assorted Antiques.
 25537 | Orc:2    | Bought a scroll labeled DIMEZEGRIL for 32 gold pieces
 25540 | Orc:2    | Bought a scroll of identify for 64 gold pieces
 25540 | Orc:2    | Bought a potion of curing for 96 gold pieces
 26603 | D:12     | Noticed Frances
 26615 | D:12     | Killed Frances
 26615 | D:12     | Reached skill level 5 in Armour
 26670 | D:12     | Noticed Snorg
 26685 | D:12     | Killed Snorg
 26741 | D:12     | Splashed by an acid dragon's acid

Vault maps used:
D:1:      scummos_arrival_simple_crosswalls, minmay_hedge_maze
D:2:      first_bread, kennysheep_generic_room_5, uniq_natasha, uniq_sigmund
D:3:      nrook_loot_triangle, uniq_crazy_yiuf_cottage
D:4:      lemuel_doored_altar, uniq_robin
D:5:      okawaru_altar_gauntlet_db, grunt_temple_overflow_diamond,
          overflow_temple_1_default, minmay_temple_entry_fiery, uniq_menkaure
D:6:      lemuel_insect_pit, lemuel_round_altar, kennysheep_little_box,
          dancing_weapons_uskayaw, serial_shops, shop, corexii_checkpoint_a,
          uniq_blork_the_orc
D:7:      kiku_gazebo_pond_becter
D:8:      lemuel_castle_with_subvaults, lair_entry_dummy, basic_altar,
          uniq_pikel
D:9:      grunt_livestock
D:10:     hiddenorc1_lemuel, nicolae_trove_entry_diagonal, uniq_harold
D:12:     serial_shops, shop, lightli_minifort, uniq_snorg, uniq_frances
Temple:   minmay_temple_bridge_abc
Lair:1:   cheibrodos_lair_reptile_den, uniq_grum
Lair:2:   nicolae_volcano_entry_lava_flow, basic_altar
Lair:3:   minmay_swamp_entry_swarm, kennysheep_rathole, uniq_fannar
Lair:4:   guppyfry_snake_entry_island, serial_bayou_shore_b, grunt_megastairs_2
Lair:6:   evilmike_catoblepas_cave, dpeg_slime_entry_corner, grunt_megastairs_5
Orc:1:    serial_shops, shop_statue, david_defended_altar_orc, uniq_nergalle
Orc:2:    pf_orc_diabolical, serial_shops, shop, shop, shop, shop, shop

Skill      XL: |  1  2  3  4  5  6  7  8  9 10 11 12 13 14 15 |
---------------+----------------------------------------------+-----
Stealth        | 4 5 6 |  6.4
Fighting       | 4 5 6 7 9 10 | 10.2
Polearms       | 4 5 6 7 9 10 11 12 14 | 14.0
Invocations    | 2 5 7 10 | 10.9
Evocations     | 4 7 9 10 11 | 11.0
Bows           | 3 6 10 11 | 11.7
Armour         | 4 5 |  5.2
Dodging        | |  2.4

Action                   |  1- 3 |  4- 6 |  7- 9 | 10-12 | 13-15 || total
-------------------------+-------+-------+-------+-------+-------++-------
Melee: Spear             |   156 |   155 |       |       |       ||   311
       Trident           |       |    28 |   362 |   663 |   704 ||  1757
       Constrict         |       |       |       |       |   141 ||   141
       Demon trident     |       |       |       |       |    88 ||    88
 Fire: Longbow           |       |       |       |    25 |    66 ||    91
Throw: Stone             |       |       |     1 |    32 |    20 ||    53
Invok: Bend Time         |       |       |       |     2 |     1 ||     3
       Slouch            |       |       |       |     1 |     2 ||     3
 Abil: Spit Poison       |     2 |    26 |    28 |    24 |       ||    80
       Evoke Blink       |       |       |       |     3 |    10 ||    13
Evoke: Wand              |       |       |    12 |    28 |    16 ||    56
  Use: Potion            |       |     6 |     5 |     1 |     2 ||    14
       Scroll            |       |     4 |    10 |    14 |    10 ||    38
 Stab: Sleeping          |     9 |    14 |    11 |    19 |    12 ||    65
       Distracted        |       |       |     1 |     9 |     4 ||    14
       Confused          |       |       |     1 |     4 |     2 ||     7
  Eat: Chunk             |     1 |     7 |    11 |    18 |    19 ||    56
       Fruit             |       |       |     2 |     2 |     4 ||     8
Armor: Robe              |    55 |    25 |   102 |   203 |    80 ||   465
       Skin              |       |    12 |       |     1 |       ||    13
       Leather armour    |       |     1 |       |       |       ||     1
       Chain mail        |       |       |       |       |   149 ||   149
       Plate armour      |       |       |       |       |    36 ||    36
       Ring mail         |       |       |       |       |    10 ||    10
Dodge: Dodged            |    88 |    60 |   163 |   261 |   218 ||   790

Table legend:
 A = Spawn XP
 B = Non-spawn XP
 C = Spawn XP percentage of total XP
 D = Spawn monster count
 E = Non-spawn monster count
 F = Spawn count percentage of total count
 G = Total turns spent on level
                    A         B        C        D         E        F      G
               +---------+---------+-------+---------+---------+-------+---------
         Total |       0 |  100335 |   0.0 |       0 |     655 |   0.0 | 26741
               +---------+---------+-------+---------+---------+-------+---------
           D:1 |       0 |     161 |   0.0 |       0 |      39 |   0.0 |  1931
           D:2 |       0 |     322 |   0.0 |       0 |      16 |   0.0 |   768
           D:3 |       0 |     100 |   0.0 |       0 |      27 |   0.0 |   995
           D:4 |       0 |     927 |   0.0 |       0 |      26 |   0.0 |   636
           D:5 |       0 |     516 |   0.0 |       0 |      15 |   0.0 |   940
           D:6 |       0 |    1049 |   0.0 |       0 |      32 |   0.0 |  1094
           D:7 |       0 |    1005 |   0.0 |       0 |      17 |   0.0 |  1729
           D:8 |       0 |    6080 |   0.0 |       0 |      57 |   0.0 |  2609
           D:9 |       0 |    2733 |   0.0 |       0 |      44 |   0.0 |  1090
          D:10 |       0 |    4783 |   0.0 |       0 |      70 |   0.0 |  1052
          D:11 |       0 |    3407 |   0.0 |       0 |      19 |   0.0 |   756
          D:12 |       0 |    5150 |   0.0 |       0 |      15 |   0.0 |   194
        Lair:1 |       0 |    5887 |   0.0 |       0 |      31 |   0.0 |  1594
        Lair:2 |       0 |    4054 |   0.0 |       0 |      17 |   0.0 |  1164
        Lair:3 |       0 |    4850 |   0.0 |       0 |      34 |   0.0 |  1441
        Lair:4 |       0 |    5373 |   0.0 |       0 |      20 |   0.0 |  1488
        Lair:5 |       0 |    5008 |   0.0 |       0 |      12 |   0.0 |   963
        Lair:6 |       0 |   24501 |   0.0 |       0 |      59 |   0.0 |  3236
         Orc:1 |       0 |    2745 |   0.0 |       0 |      25 |   0.0 |   615
         Orc:2 |       0 |   21684 |   0.0 |       0 |      80 |   0.0 |  2239
               +---------+---------+-------+---------+---------+-------+---------
